 Dungeon Crawl Stone Soup version 0.21-a0-70-g32e1473 (webtiles) character file.

80 xgamer67 the Skirmisher (level 4, -4/39 HPs)
             Began as a Human Monk on June 19, 2017.
             Slain by a gnoll
             ... wielding a +0 flail
              (11 damage)
             ... on level 2 of the Dungeon.
             The game lasted 00:03:10 (1865 turns).

xgamer67 the Skirmisher (Human Monk)                Turns: 1865, Time: 00:03:10

Health: -4/39      AC:  3    Str: 13    XL:     4   Next: 65%
Magic:  4/4        EV: 13    Int: 10    God:
Gold:   71         SH:  0    Dex: 15    Spells: 3/3 levels left

rFire    . . .     SeeInvis .   a - +0 spear
rCold    . . .     Gourm    .   (no shield)
rNeg     . . .     Faith    .   b - +0 robe
rPois    .         Spirit   .   i - +0 helmet
rElec    .         Reflect  .   (no cloak)
rCorr    .         Harm     .   (no gloves)
MR       .....                  (no boots)
Stlth    ++........             (no amulet)
HPRegen  0.13/turn              (no ring)
MPRegen  0.09/turn              (no ring)

@: no status effects
A: no striking features
a: no special abilities


You were on level 2 of the Dungeon.
You were not hungry.

You visited 1 branch of the dungeon, and saw 3 of its levels.

You collected 71 gold pieces.

Inventory:

Hand Weapons
 a - a +0 spear (weapon)
 l - a +1 antimagic short sword
Missiles
 e - 24 stones (quivered)
Armour
 b - a +0 robe (worn)
 i - a +0 helmet (worn)
 m - a +0 chain mail
Scrolls
 d - a scroll of identify {unknown}
 j - a scroll of blinking {unknown}
Potions
 k - 2 potions of mutation {unknown}
Comestibles
 c - 2 bread rations
 f - 3 royal jellies
 g - 6 fruits


   Skills:
 + Level 5.1 Fighting
 - Level 3.0 Polearms
 - Level 3.0 Dodging
 - Level 2.0 Stealth


You had 3 spell levels left.
You didn't know any spells.

Dungeon Overview and Level Annotations

Branches:
Dungeon (3/15)

Altars:


Message History

You reach to attack!
You hit the gnoll but do no damage.
Attack whom?
Press: ? - help, Dir - move target cursor, f/p - gnoll
Aim: a gnoll, wielding a flail You barely miss the gnoll.
The gnoll misses you.
You closely miss the gnoll. The gnoll closely misses you.
You hit the gnoll.
The gnoll is lightly wounded.
The gnoll hits you with a flail.
You hit the gnoll.
The gnoll is moderately wounded.
All of the chunks of flesh in your inventory have rotted away.
You hit the gnoll.
The gnoll is moderately wounded.
The gnoll hits you with a flail!
* * * LOW HITPOINT WARNING * * *
You hit the gnoll but do no damage.
The gnoll is moderately wounded.
The gnoll hits you with a flail!
You die...

.....#........# #.# .....
......######..###.# .....
..###.# #......##.# .... ###
#.# #....#+##+#######
#.###..............#
#g#................#
#####.#.#....).........#
......)..รท.....g..#########
.......######...@.###.....#
.......# ###.#>......#.# #
.......# #.#####.#.#.#.#
.......# #.# #.#.#.#.# #
#####..... #.# #.#.....# #
###### #.# #...#.#.# # #.#
###.#.####### #. #........).
###.#######


You could see a gnoll.

Vanquished Creatures
  2 gnolls (D:2)
  3 adders (D:2)
  2 leopard geckos (D:1)
  4 bats
  2 giant cockroaches
  5 goblins
  3 hobgoblins (D:1)
  A ball python (D:1)
  A frilled lizard (D:1)
  7 kobolds
  4 rats
34 creatures vanquished.

Notes
Turn   | Place    | Note
-------+----------+-------------------------------------------
     0 | D:1      | xgamer67 the Human Monk began the quest for the Orb.
     0 | D:1      | Reached XP level 1. HP: 18/18 MP: 1/1
   143 | D:1      | Reached XP level 2. HP: 24/24 MP: 2/2
   607 | D:1      | Reached skill level 4 in Fighting
   607 | D:1      | Reached XP level 3. HP: 29/30 MP: 3/3
  1257 | D:2      | Reached XP level 4. HP: 38/38 MP: 4/4
  1829 | D:2      | Reached skill level 5 in Fighting
  1865 | D:2      | Slain by a gnoll

Vault maps used:
D:1:      wheals_arrival_shading, minmay_misc_feat_plants,
          kennysheep_crisscross, hangedman_decor_lopped,
          minmay_stone_trees_small, fountainhead
D:2:      uniq_natasha, uniq_terence
D:3:      grunt_ministairs_8

Skill      XL: |  1  2  3  4 |
---------------+-------------+-----
Fighting       | 4 5 |  5.1
Polearms       | |  3.0
Dodging        | |  3.0
Stealth        | |  2.0

Action                   |  1- 3 |  4- 6 || total
-------------------------+-------+-------++-------
Melee: Spear             |   100 |    61 ||   161
  Use: Potion            |       |     1 ||     1
 Stab: Sleeping          |     5 |     1 ||     6
       Distracted        |     1 |       ||     1
  Eat: Chunk             |     1 |     2 ||     3
Armor: Robe              |    20 |     5 ||    25
       Skin              |       |     2 ||     2
Dodge: Dodged            |    55 |    32 ||    87
